Map: Newkirk Precinct TE (Void)

Players

Railgan

  • Race: Zerg Zerg
  • League: Grandmaster
  • Spawn Location: 7:00

Kas - Winner!

  • Race: Terran Terran
  • League: Grandmaster
  • Spawn Location: 5:00

VOD

Have the link to the VOD?

Description

Time

  • Played on: March 11, 2017, 5:35 p.m.
  • Length: 11:59
Show
View Real Time Build Order
Export as new Build Order

Railgan Zerg 

Build Orders: Pool First 

Get SALT Encoding   

  12  0:00  Drone  
  13  0:13  Overlord  
  13  0:18  Drone  
  14  0:31  Drone x2  
  16  0:36  Drone  
  17  0:47  Spawning Pool  
  16  0:50  Drone  
  16  0:56  Drone  
  18  1:12  Extractor  
  18  1:16  Hatchery  
  16  1:19  Drone  
  16  1:24  Drone  
  18  1:37  Zergling x2  
  18  1:38  Roach Warren  
  18  1:46  Queen  
  20  1:50  Drone  
  20  1:53  Drone  
  22  2:01  Overlord  
  22  2:19  Roach  
  22  2:21  Queen  
  22  2:22  Roach  
  28  2:29  Queen  
  30  2:37  Roach  
  32  2:45  Drone x3  
  32  2:49  Drone  
  36  2:56  Overlord  
  35  3:01  Drone  
  35  3:02  Extractor  
  35  3:04  Drone  
  36  3:08  Extractor  
  35  3:14  Drone x2  
  35  3:18  Drone  
  35  3:19  Drone  
  39  3:28  Lair  
  39  3:29  Drone  
  41  3:36  Evolution Chamber  
  41  3:37  Drone  
  41  3:38  Drone  
  42  3:41  Drone  
  42  3:43  Drone  
  42  3:47  Overlord  
  44  3:50  Extractor, Drone  
  44  3:56  Overlord  
  44  4:03  Zerg Missile Weapons Level 1  
  44  4:06  Drone x3  
  47  4:11  Drone  
  47  4:12  Drone x2  
  47  4:14  Drone  
  51  4:21  Drone x3  
  54  4:28  Glial Reconstitution  
  54  4:29  Overlord  
  54  4:44  Roach x3  
  60  4:49  Hatchery  
  60  4:51  Roach  
  61  4:54  Overseer  
  61  4:57  Overlord  
  61  5:01  Roach  
  63  5:07  Roach x2  
  63  5:11  Overlord  
  67  5:16  Overlord, Roach  
  67  5:17  Roach  
  71  5:29  Roach  
  71  5:30  Roach  
  71  5:35  Roach x4  
  83  5:46  Overlord, Roach  
  83  5:47  Overlord  
  83  5:53  Overlord  
  83  6:01  Roach x3  
  83  6:03  Zerg Missile Weapons Level 2  
  89  6:05  Overlord  
  89  6:11  Roach  
  89  6:12  Roach x3  
  91  6:21  Roach  
  91  6:22  Roach x2  
  91  6:25  Roach x3  
  93  6:27  Roach  
  93  6:31  Roach  
  97  6:34  Roach  
  93  6:43  Roach x2  
  93  6:46  Ravager  
  95  6:58  Roach x2  
  89  7:05  Roach  
  89  7:06  Roach x4  
  89  7:07  Roach  
  89  7:08  Roach x2  
  91  7:17  Drone  
  92  7:28  Drone  
  92  7:29  Hatchery  
  92  7:31  Extractor, Roach x2  
  95  7:40  Ravager  
  95  7:41  Ravager x2  
  95  7:42  Roach  
  100  7:44  Overlord  
  100  7:45  Roach  
  100  7:49  Drone  
  105  7:51  Roach  
  101  8:04  Roach x3  
  101  8:05  Roach x2  
  91  8:09  Overseer  
  89  8:13  Ravager  
  89  8:17  Overlord, Roach x2  
  94  8:20  Drone  
  94  8:26  Drone x4  
  99  8:28  Ravager  
  99  8:29  Overlord  
  102  8:34  Roach  
  102  8:39  Zerg Ground Armor Level 1  
  102  8:43  Roach  
  102  8:44  Roach  
  102  8:45  Drone x2  
  108  8:54  Roach x3  
  108  8:55  Roach  
  112  8:58  Roach x2  
  116  9:06  Roach  
  116  9:07  Roach x3  
  124  9:13  Drone x4  
  122  9:21  Queen  
  122  9:22  Roach  
  122  9:23  Ravager  
  128  9:24  Ravager  
  128  9:25  Overlord  
  128  9:26  Drone  
  128  9:31  Extractor  
  128  9:34  Extractor  
  129  9:38  Roach x5  
  129  9:40  Overlord  
  129  9:42  Drone  
  129  9:43  Overlord  
  138  9:46  Drone x2  
  140  10:04  Roach x8  
  156  10:16  Roach x3  
  162  10:21  Overlord x2  
  162  10:24  Overlord  
  162  10:34  Overlord x2  
  162  10:47  Roach  
  164  10:51  Roach  
  164  10:52  Roach x3  
  164  10:54  Roach x5  
  184  10:57  Roach  
  184  10:59  Ravager x2  
  184  11:00  Ravager x4  
  184  11:02  Overlord  
  190  11:07  Roach  
  190  11:08  Roach x4  
  179  11:30  Roach  
  179  11:31  Roach x3  
  185  11:35  Hatchery, Overlord  
  186  11:40  Roach  
Show
View Real Time Build Order
Export as new Build Order

Kas Terran - Winner!

Build Orders: Reaper Expand, MMM Bio 

Get SALT Encoding   

  12  0:02  SCV  
  14  0:14  SCV  
  14  0:19  Supply Depot  
  14  0:26  SCV  
  15  0:40  SCV  
  15  0:42  Barracks  
  16  0:45  Refinery  
  16  0:52  SCV  
  17  1:05  SCV  
  18  1:17  SCV  
  19  1:29  Reaper  
  19  1:30  Orbital Command  
  20  1:42  Command Center  
  20  1:52  Barracks  
  20  1:56  SCV  
  20  2:01  Barracks Reactor  
  21  2:08  SCV  
  21  2:09  Supply Depot  
  22  2:15  Refinery  
  22  2:20  SCV  
  23  2:33  SCV  
  24  2:38  Marine x2  
  24  2:40  Barracks Tech Lab  
  25  2:48  Factory, SCV  
  26  3:00  Marine x2  
  26  3:02  Marine, Stimpack  
  26  3:03  SCV  
  30  3:08  Orbital Command  
  30  3:18  SCV  
  30  3:19  Marine x3  
  34  3:30  SCV  
  35  3:37  Marine x2, Starport  
  35  3:40  Factory Reactor  
  37  3:42  SCV  
  37  3:46  SCV  
  39  3:54  Supply Depot, SCV  
  40  3:58  Marine x2, SCV  
  40  3:59  Marine  
  44  4:05  Supply Depot  
  44  4:06  SCV  
  45  4:10  SCV  
  45  4:16  Marine x2  
  48  4:18  SCV  
  48  4:21  Marine  
  48  4:24  Medivac x2  
  52  4:29  SCV  
  55  4:34  Marine x2, SCV  
  58  4:39  Marine, Supply Depot  
  58  4:41  Supply Depot, SCV  
  60  4:49  SCV  
  60  4:51  Marine  
  62  4:56  Marine  
  62  5:01  Marine, SCV  
  64  5:08  SCV  
  64  5:11  Command Center  
  64  5:13  SCV  
  66  5:19  Engineering Bay x2  
  66  5:21  Marine, Factory Tech Lab, SCV  
  67  5:22  Marine x2  
  67  5:26  Supply Depot, Combat Shields  
  70  5:32  SCV  
  71  5:38  SCV  
  71  5:40  Marine, Refinery  
  71  5:41  Refinery  
  76  5:42  Siege Tank  
  76  5:48  Terran Infantry Weapons Level 1, SCV  
  76  5:49  Marine x2, Terran Infantry Armor Level 1  
  78  5:55  Supply Depot x2  
  78  5:56  SCV  
  80  5:58  Marine  
  80  6:00  SCV  
  82  6:08  Marine x2, SCV  
  84  6:13  SCV  
  84  6:16  Marine  
  73  6:25  Marine  
  73  6:26  Marine  
  70  6:34  Marine, SCV x2  
  69  6:43  Marine x2  
  69  6:46  Supply Depot, SCV x2  
  72  6:48  Orbital Command  
  72  6:49  Siege Tank  
  72  6:52  Marine  
  74  6:58  SCV  
  72  7:01  Marine x2  
  72  7:04  SCV  
  72  7:07  Armory  
  70  7:10  Marine, SCV  
  70  7:16  SCV  
  70  7:17  Medivac x2, Orbital Command  
  70  7:19  Marine x2  
  78  7:22  SCV  
  78  7:25  Siege Tank, Concussive Shells  
  78  7:27  Marine  
  78  7:28  SCV  
  83  7:33  Barracks  
  83  7:35  Barracks  
  83  7:36  Barracks, SCV  
  84  7:37  Marine  
  84  7:40  SCV  
  84  7:43  Marine  
  87  7:46  Marine  
  87  7:48  SCV  
  89  7:53  SCV  
  89  7:54  Marine  
  89  7:57  Siege Tank  
  92  7:59  Orbital Command  
  92  8:01  Marine  
  92  8:04  Marine  
  81  8:11  Medivac x2  
  81  8:12  Marine, SCV  
  86  8:17  Orbital Command  
  86  8:19  Marine, SCV  
  89  8:22  Marine  
  91  8:27  Barracks Tech Lab  
  91  8:28  Barracks Tech Lab  
  91  8:30  Marine  
  91  8:31  Barracks Reactor, Siege Tank  
  91  8:32  SCV  
  95  8:36  Marine  
  95  8:40  Marine  
  97  8:42  SCV  
  97  8:43  SCV  
  97  8:44  SCV  
  97  8:48  Marine x2  
  100  8:49  Marine  
  100  8:55  Marauder  
  102  8:56  SCV  
  102  8:57  SCV  
  102  8:58  Marine  
  102  9:01  Terran Infantry Weapons Level 2, Terran Infantry Armor Level 2  
  105  9:06  Marine x2, Barracks  
  105  9:07  Marauder  
  109  9:10  Barracks  
  109  9:12  Barracks  
  109  9:19  Supply Depot  
  109  9:21  Marine  
  109  9:22  Siege Tank, SCV  
  114  9:33  Marine, Marauder  
  117  9:40  Marine x4, Supply Depot  
  117  9:41  Marauder  
  117  9:42  Supply Depot  
  123  9:50  Marine  
  124  9:54  Marauder  
  124  9:58  Marine x2, SCV  
  124  9:59  Marauder  
  129  10:00  Supply Depot x2  
  129  10:02  Marauder, Supply Depot  
  129  10:04  Refinery  
  129  10:05  Refinery  
  129  10:06  Sensor Tower  
  131  10:08  Missile Turret  
  131  10:15  Marine x2  
  131  10:16  Marine, Marauder  
  131  10:17  Barracks Tech Lab  
  131  10:20  Marauder  
  138  10:23  Siege Tank  
  138  10:24  Marauder  
  89  10:28  Medivac x2  
  143  10:30  Barracks Tech Lab  
  143  10:31  Marine x2  
  149  10:36  Marine x2  
  149  10:37  Barracks Tech Lab  
  149  10:38  Marauder  
  153  10:45  Marine, Marauder x2  
  153  10:49  Marine  
  159  10:50  Marauder  
  161  10:59  Marine x3  
  161  11:00  Marauder  
  161  11:02  Marauder  
  161  11:04  Siege Tank, Command Center  
  171  11:09  Marauder  
  173  11:12  Marine  
  173  11:14  Marauder  
  173  11:15  Marauder  
  165  11:21  Marine x3, Marauder x2  
  169  11:30  Marine, Marauder x2  
  173  11:39  SCV  
  173  11:40  Marine x2  
Tags
 
Add a new tag
Caveats
  • Supply blocks, unpowered buildings, or Contaminate may cause inaccurate times.
  • Supply counts are checked every 10 seconds.